 Dungeon Crawl Stone Soup version 0.20-a0-731-gecde0bf (console) character file.

64 nht the Slasher (level 3, 0/31 HPs)
             Began as a Minotaur Gladiator on Feb 22, 2017.
             Slain by an orc
             ... wielding a +0 falchion
              (4 damage)
             ... on level 3 of the Dungeon.
             The game lasted 00:01:29 (1321 turns).

nht the Slasher (Minotaur Gladiator)                Turns: 1321, Time: 00:01:30

Health: 0/31       AC:  4    Str: 24    XL:     3   Next: 91%
Magic:  2/2        EV: 13    Int: 10    God:
Gold:   132        SH:  0    Dex: 11    Spells: 2/2 levels left

rFire    + . .     SeeInvis .   a - +0 long sword
rCold    + . .     Gourm    .   b - +0 leather armour
rNeg     . . .     Faith    .   (no shield)
rPois    +         Spirit   .   c - +0 hat
rElec    +         Reflect  .   (no cloak)
rCorr    +         Harm     +   o - +0 pair of gloves
MR       .....                  (no boots)
Stlth    +.........             j - amulet of harm
Regen    0.1/turn               (no ring)
MPRegen  0.1/turn               (no ring)

@: mighty, brilliant, resistant, flying
A: retaliatory headbutt, horns 2
a: no special abilities


You were on level 3 of the Dungeon.
You were not hungry.

You visited 1 branch of the dungeon, and saw 3 of its levels.

You collected 132 gold pieces.

Inventory:

Hand Weapons
 a - a +0 long sword (weapon)
Missiles
 d - 3 throwing nets (quivered)
 g - 6 needles of confusion
 q - 21 poisoned needles
 s - 5 tomahawks
Armour
 b - a +0 leather armour (worn)
 c - a +0 hat (worn)
 o - a +0 pair of gloves (worn)
Jewellery
 j - an amulet of harm (around neck)
 t - an uncursed ring of wizardry {unknown}
 v - a cursed ring of teleportation {unknown}
Scrolls
 e - 2 scrolls of fog {unknown}
 i - a scroll of recharging {unknown}
 k - a scroll of magic mapping {unknown}
 l - a scroll of amnesia {unknown}
 p - a scroll of blinking {unknown}
 w - a scroll of identify {unknown}
Potions
 u - a potion of brilliance
 x - a potion of heal wounds {unknown}
 z - a potion of lignification {unknown}
 A - a potion of invisibility {unknown}
Comestibles
 f - 3 bread rations
 h - a royal jelly


   Skills:
 + Level 3.2 Fighting
 + Level 4.3 Long Blades
 + Level 2.7 Throwing
 + Level 3.8 Dodging


You had 2 spell levels left.
You didn't know any spells.

Dungeon Overview and Level Annotations

Branches:
Dungeon (3/15)

Altars:


Innate Abilities, Weirdness & Mutations

You reflexively headbutt those who attack you in melee.
You have a pair of horns on your head.


Message History

The orc misses you.
You riposte.
You completely miss the orc. You headbutt the orc.
The orc is almost dead.
The orc misses you.
The orc throws a tomahawk.
The tomahawk misses you. The dart slug launches a dart at you.
The slug dart misses you.
It was a potion of brilliance.
You feel clever all of a sudden. The orc closely misses you.
You riposte.
You slash the orc!
You kill the orc!
It was a potion of flight.
You feel very buoyant.
You fly up into the air.
The orc barely misses you.
It was a potion of resistance.
You feel protected.
It was a potion of might.
You feel very mighty all of a sudden. The orc hits you with a falchion.
You die...

.█. .. ... █+█.█.█.█ ██.█
..........$.█ ...█
█...█.█.....███ ..(+
......█...>... ...██..
......█...█.████████)......
..............@owo.........
................█o.........
.......<........█(.........
................█....<.....
................█....█.████
....█.██.█..██+██....█+█
... ██ █.█..█ +..... .!
█...... █...... . █.......
........


You could see an orc wizard, a dart slug and 2 orcs.

Vanquished Creatures
  2 adders (D:2)
  2 worms (D:2)
  3 leopard geckos
  2 orcs (D:3)
  2 giant cockroaches (D:1)
  3 goblins
  8 jackals (D:1)
  A ball python (D:1)
  5 bats
  2 frilled lizards
  2 kobolds (D:1)
  2 rats
34 creatures vanquished.

Notes
Turn   | Place    | Note
-------+----------+-------------------------------------------
     0 | D:1      | nht the Minotaur Gladiator began the quest for the Orb.
     0 | D:1      | Reached XP level 1. HP: 18/18 MP: 0/0
   118 | D:1      | Reached XP level 2. HP: 25/25 MP: 1/1
   356 | D:1      | Reached skill level 4 in Long Blades
   673 | D:1      | Reached XP level 3. HP: 30/30 MP: 2/2
  1321 | D:3      | Slain by an orc

Vault maps used:
D:1:      minmay_arrival_hallway
D:2:      first_bread
D:3:      uniq_sigmund

Skill      XL: |  1  2  3 |
---------------+----------+-----
Long Blades    | 4 |  4.3
Fighting       | 3 |  3.2
Throwing       | |  2.7
Dodging        | |  3.8

Action                   || total
-------------------------++-------
Melee: Long sword        ||    49
       Headbutt          ||     6
  Use: Potion            ||     4
 Stab: Sleeping          ||     1
  Eat: Chunk             ||     1
Armor: Leather armour    ||    19
Dodge: Dodged            ||    49
       Rpst.: Long sword ||    20
